 Dungeon Crawl Stone Soup version 0.28-a0-1236-gb25a51b929 (webtiles) character file.

Game seed: 3712468230813944197

2722 Gildeon the Cleaver (level 9, -1/74 HPs)
             Began as a Minotaur Fighter on Dec 25, 2021.
             Was a Follower of Ashenzari.
             Slain by a wyvern zombie (9 damage)
             ... on level 7 of the Dungeon.
             The game lasted 00:19:44 (7679 turns).

Gildeon the Cleaver (Minotaur Fighter)              Turns: 7679, Time: 00:19:45

Health: -1/74      AC: 14    Str: 26    XL:     9   Next: 39%
Magic:  10/10      EV:  9    Int:  5    God:    Ashenzari [*.....]
Gold:   382        SH:  4    Dex:  9    Spells: 7/10 levels left

rFire   . . .      SeeInvis .   a - +0 war axe
rCold   . . .      Faith    .   c - +0 buckler
rNeg    . . .      Spirit   .   y - +3 chain mail "At What Cost Knowledge?" {Cun, Alch} (curse)
rPois   .          Reflect  .   (helmet restricted)
rElec   .          Harm     .   j - +0 cloak
rCorr   .          Rampage  .   (no gloves)
Will    +....                   (no boots)
Stlth   ..........              (no amulet)
HPRegen 0.22/turn               s - ring "Tethered With Me" {Will+, Fort, Elem} (curse)
MPRegen 0.12/turn               (no ring)

@: no status effects
A: horns 2, retaliatory headbutt
a: Renounce Religion, Curse Item, Shatter the Chains


You were on level 7 of the Dungeon.
You worshipped Ashenzari.
Ashenzari was aware of your devotion.
You visited 2 branches of the dungeon, and saw 8 of its levels.
You also visited: Sewer.

You collected 382 gold pieces.

Inventory:

Hand Weapons
 a - a +0 war axe (weapon)
 l - a +0 flail of protection
Armour
 c - a +0 buckler (worn)
 j - a +0 cloak (worn)
 y - the cursed +3 chain mail "At What Cost Knowledge?" (worn) {Cun, Alch}
   (You took it off an orc on level 6 of the Dungeon)

   It has a curse which improves the following skills: Cunning: Dodging and
   Stealth.
   Alchemy:   Poison Magic and Transmutations.
Jewellery
 s - the cursed ring "Tethered With Me" (left hand) {Will+, Fort, Elem}
   (You found it on level 4 of the Dungeon)

   [ring of willpower]

   Will:      It increases your willpower.
   It has a curse which improves the following skills: Fortitude: Armour and
   Shields.
   Elements:  Fire Magic, Ice Magic, Air Magic and Earth Magic.
Wands
 v - a wand of paralysis (3)
Scrolls
 f - 6 scrolls of identify
 h - 2 scrolls of fog
 k - 4 scrolls of teleportation
 n - a scroll of silence
 p - 3 scrolls of fear
 r - a scroll of amnesia
 w - 3 scrolls of magic mapping
Potions
 b - 2 potions of heal wounds
 d - a potion of might
 e - a potion of ambrosia
 g - 2 potions of attraction
 i - 5 potions of haste
 m - a potion of magic
 q - 3 potions of curing
 t - 5 potions of mutation
 u - 2 potions of cancellation
 x - a potion of resistance
 z - a potion of flight


   Skills:
 - Level 5.0 Fighting
 * Level 13.3 Axes
 - Level 4.5(5.5) Armour
 - Level 4.0(5.0) Dodging
 - Level 3.8(4.7) Shields
 + Level 1.4 Spellcasting
 + Level 0.0 Translocations
 + Level 2.0 Evocations


You had 7 spell levels left.
You knew the following spells:

 Your Spells              Type           Power      Damage    Failure   Level
a - Teleport Other        Tloc           0%         N/A       100%        3

Your spell library contained the following spells:

 Spells                   Type           Power      Damage    Failure   Level
 Gell's Gravitas          Tloc           0%         N/A       100%        3
 Lesser Beckoning         Tloc           0%         N/A       100%        3
 Tukima's Dance           Hex            0%         N/A       100%        3
 Passage of Golubria      Tloc           0%         N/A       100%        4
 Yara's Violent Unravell  Hex/Tmut       0%         3d3       100%        5
 Dispersal                Tloc           0%         N/A       100%        6


Dungeon Overview and Level Annotations

Branches:
Dungeon (7/15)             Temple (1/1) D:6           Sewer (visited)

Altars:
Ashenzari
Cheibriados
Dithmenos
Fedhas
Gozag
Hepliaklqana
Kikubaaqudgha
Makhleb
Nemelex Xobeh
Okawaru
Qazlal
Sif Muna
Trog
Uskayaw
Vehumet
Xom
Yredelemnul
The Shining One
Lugonu

Shops:
D:5 *

Annotations:
D:7 Joseph


Innate Abilities, Weirdness & Mutations

You have a pair of horns on your head.
You reflexively headbutt those who attack you in melee.


Message History

Joseph is moderately wounded.
You closely miss Joseph.
Joseph is moderately wounded.
You slash the wyvern zombie! Joseph hits you but does no damage.
The wyvern zombie bites you.
You slash Joseph!
Joseph is heavily wounded.
You hit the wyvern zombie. Joseph barely misses you. You furiously retaliate!
You headbutt Joseph.
The wyvern zombie completely misses you.
You slash Joseph! You headbutt Joseph!
Joseph is severely wounded.
You slash the wyvern zombie! The wyvern zombie bites you.
Joseph hits you with a +0 quarterstaff!
You slash Joseph!
Joseph is severely wounded.
You hit the wyvern zombie. The wyvern zombie closely misses you.
Joseph hits you with a +0 quarterstaff!
* * * LOW HITPOINT WARNING * * *
You hit Joseph. You headbutt Joseph!
Joseph is almost dead.
You hit the wyvern zombie. The wyvern zombie bites you.
* * * LOW HITPOINT WARNING * * *
You block Joseph's attack.
You barely miss Joseph. Your headbutt misses Joseph.
Joseph is almost dead.
You hit the wyvern zombie but do no damage.
The wyvern zombie bites you!
* * * LOW HITPOINT WARNING * * *
You block Joseph's attack.
The wyvern zombie bites you but does no damage.
You barely miss Joseph.
Joseph is almost dead.
You barely miss the wyvern zombie.
The wyvern zombie bites you but does no damage.
You hit Joseph but do no damage. Your headbutt misses Joseph.
Joseph is almost dead.
You barely miss the wyvern zombie. Joseph hits you but does no damage.
The wyvern zombie bites you!
You die...

##.....##.####...#
#...#..#...##....#
..####.##......># ...
..#......## ## .####
..#..#..#####.##
....#...##.#.....#...##
.......^##............#
#####...#...(.........##
### #......#....@Z.....#
#.##.......###..#@......
..........# #..##...)..
##..##.... #.#... ..#..#
###.##.#.... ..... ## ..
#...# .# #..#.. .
###.##.##.#.. ..
####...........
...).).......


You could see Joseph and a wyvern zombie.

Vanquished Creatures
  Pikel (D:5)
  Menkaure (D:6)
  Duvessa (D:6)
  A water moccasin (D:6)
  A hornet zombie (D:6)
  2 ogres
  2 necrophages
  A lemure (D:5)
  A phantom (D:4)
  5 kobold brigands (Sewer)
  3 scorpions
  Dowan (D:6)
  A water moccasin skeleton (D:4)
  A centaur zombie (D:7)
  A bullfrog zombie (D:6)
  A jelly (D:6)
  2 hounds
  Crazy Yiuf (D:6)
  3 centaur skeletons
  2 orc priests
  2 gnoll shamans (D:7)
  An iguana (D:5)
  Natasha (twice) (D:3)
  3 orc wizards
  A hound skeleton (D:4)
  10 gnolls
  2 howler monkey skeletons
  8 adders
  2 river rats (Sewer)
  An ufetubus (D:6)
  An adder zombie (D:5)
  An adder skeleton (D:2)
  3 worms
  3 dart slugs
  11 orcs
  15 endoplasms
  A giant cockroach (D:6)
  3 goblins
  11 hobgoblins
  A jackal (D:2)
  21 kobolds
  13 ball pythons
  3 bats
  3 frilled lizards
  10 rats
164 creatures vanquished.

Vanquished Creatures (others)
  3 fungi (D:6)
  3 withered plants (D:3)
6 creatures vanquished.

Grand Total: 170 creatures vanquished

Notes
Turn   | Place    | Note
-------+----------+-------------------------------------------
     0 | D:1      | Gildeon the Minotaur Fighter began the quest for the Orb.
     0 | D:1      | Reached XP level 1. HP: 19/19 MP: 0/0
   222 | D:1      | Reached skill level 3 in Axes
   234 | D:1      | Reached XP level 2. HP: 23/26 MP: 1/1
   865 | D:2      | Reached skill level 4 in Axes
   899 | D:2      | Reached XP level 3. HP: 17/31 MP: 2/2
  1403 | D:2      | Reached skill level 5 in Axes
  1830 | D:3      | Reached XP level 4. HP: 39/39 MP: 3/3
  1850 | D:3      | Found a shadowy altar of Dithmenos.
  2048 | D:3      | Found an ancient bone altar of Kikubaaqudgha.
  2156 | D:3      | Noticed Natasha
  2164 | D:3      | Killed Natasha
  2165 | D:3      | Reached skill level 6 in Axes
  2207 | D:3      | Noticed Natasha
  2212 | D:3      | Killed Natasha
  2395 | D:3      | Reached XP level 5. HP: 39/45 MP: 4/4
  2846 | D:4      | Found a broken altar of Ashenzari.
  2851 | D:4      | Noticed a phantom
  2866 | D:4      | Killed a phantom
  2867 | D:4      | Reached skill level 7 in Axes
  3006 | D:4      | Reached XP level 6. HP: 46/51 MP: 5/5
  3010 | D:4      | Reached skill level 8 in Axes
  3189 | D:4      | Reached skill level 9 in Axes
  3501 | D:4      | Reached XP level 7. HP: 57/57 MP: 6/6
  3650 | D:4      | Found a burning altar of Makhleb.
  3825 | D:4      | Became a worshipper of Ashenzari the Shackled
  3844 | D:5      | Entered Level 5 of the Dungeon
  3957 | D:5      | Reached skill level 10 in Axes
  4042 | D:5      | Found an opulent altar of Gozag.
  4046 | D:5      | Found Gozag's Platinum Reserve.
  4206 | D:5      | Noticed Pikel
  4224 | D:5      | Killed Pikel
  4225 | D:5      | Reached skill level 11 in Axes
  4225 | D:5      | Reached XP level 8. HP: 29/64 MP: 7/7
  4792 | D:6      | Found a stormy altar of Qazlal.
  4845 | D:6      | Found a staircase to the Ecumenical Temple.
  4845 | D:6      | Noticed Duvessa
  4846 | D:6      | Noticed Dowan
  4854 | D:6      | Killed Duvessa
  4855 | D:6      | Reached skill level 1 in Dodging
  4858 | D:6      | Killed Dowan
  4879 | Temple   | Entered the Ecumenical Temple
  5023 | D:6      | Reached skill level 12 in Axes
  5040 | D:6      | Found a glowing drain.
  5056 | Sewer    | Entered a sewer
  5989 | Sewer    | Reached skill level 5 in Fighting
  6209 | D:6      | Found a radiant altar of Vehumet.
  6210 | D:6      | Found a hazy altar of Hepliaklqana.
  6211 | D:6      | Found a glowing golden altar of the Shining One.
  6212 | D:6      | Found a bloodstained altar of Trog.
  6214 | D:6      | Found a shimmering altar of Xom.
  6235 | D:6      | Noticed Menkaure
  6247 | D:6      | Killed Menkaure
  6248 | D:6      | Reached XP level 9. HP: 20/74 MP: 8/8
  6577 | D:6      | Reached * piety under Ashenzari
  6620 | D:6      | Reached skill level 1 in Evocations
  6949 | D:6      | Reached skill level 13 in Axes
  6949 | D:6      | Reached skill level 1 in Spellcasting
  7181 | D:6      | Found a runed translucent door.
  7182 | D:6      | Noticed Crazy Yiuf
  7188 | D:6      | Killed Crazy Yiuf
  7315 | D:7      | Learned a level 3 spell: Teleport Other
  7664 | D:7      | Noticed Joseph
  7679 | D:7      | Slain by a wyvern zombie

Illustrated notes

Levels and vault maps discovered:
D:1:      dpeg_arrival_long_road, layout_basic
D:2:      layout_basic, minmay_quadrilaterals
D:3:      layout_loops_cross, kiku_gazebo_garden_becter, grunt_dithmenos_smoke,
          kennysheep_generic_room_4, uniq_natasha
D:4:      minmay_diamond_boxcup, layout_rooms, ashenzari_conservatory_becter,
          makhleb_blood_cavern_becter
D:5:      layout_basic, nicolae_gozag_zags_fifth_avenue, saegor_snake_ambush,
          uniq_pikel
D:6:      layout_loops_cross, mainiacjoe_overflow_concentric_impassable,
          minitemple, minmay_temple_entry_glass, portal_sewer_entry_b,
          minmay_misc_feat_four_crosses, hangedman_abyss_or_decor_stagger,
          uniq_menkaure, uniq_duvessa, uniq_crazy_yiuf_cottage
D:7:      layout_cave_pools, amcnicky_altar_gilded, uniq_harold, uniq_joseph
Temple:   corrupted_temple

Skill      XL: |  1  2  3  4  5  6  7  8  9 |
---------------+----------------------------+-----
Axes           | 3 4 5 6 7 9 11 12 13 | 13.3
Fighting       | 5 |  5.0
Armour         | 4 |  4.5
Dodging        | 3 4 |  4.0
Evocations     | 2 |  2.0
Spellcasting   | 1 |  1.4
Shields        | |  3.8

Action                   |  1- 3 |  4- 6 |  7- 9 || total
-------------------------+-------+-------+-------++-------
Melee: War axe           |    82 |    89 |   280 ||   451
       Headbutt          |     7 |    10 |    48 ||    65
Invok: Curse Item        |       |       |     2 ||     2
Armor: Scale mail        |    29 |     5 |       ||    34
       Chain mail        |       |    24 |    91 ||   115
Dodge: Dodged            |    35 |    23 |    87 ||   145
Block: Buckler           |    19 |    15 |    46 ||    80

Table legend: (Time is in decaauts)
 A = Elapsed time spent in this place.
 B = Non-inter-level travel time spent in this place.
 C = Inter-level travel time spent in this place.
 D = Time resting spent in this place.
 E = Time spent auto-exploring this place.
 F = Levels seen in this place.
 G = Mean time per level.
                   A        B        C        D        E       F      G
               +--------+--------+--------+--------+--------+-----+--------+
         Total |   7881 |   7645 |    236 |      0 |   6316 |   9 |  875.7 |
       Dungeon |   6547 |   6324 |    223 |      0 |   5234 |   7 |  935.3 |
        Temple |     96 |     83 |     13 |      0 |     77 |   1 |   96.0 |
         Sewer |   1237 |   1237 |      0 |      0 |   1004 |   1 | 1237.0 |
               +--------+--------+--------+--------+--------+-----+--------+

Top non-repeatable levels by time:
     D:6: 1274 daAuts
   Sewer: 1237 daAuts
     D:4: 1024 daAuts
     D:3: 1010 daAuts
     D:2: 978 daAuts
     D:5: 963 daAuts
     D:1: 869 daAuts
     D:7: 425 daAuts
  Temple: 96 daAuts
